 Dungeon Crawl Stone Soup version 0.31-a0-271-gb88eb75e06 (webtiles) character file.

Game seed: 7869316759504718981

45 Shard1697 the Caller (level 3, 0/26 HPs)
             Began as a Draconian Hedge Wizard on July 15, 2023.
             Slain by a quokka (3 damage)
             ... on level 2 of the Dungeon.
             The game lasted 00:01:10 (930 turns).

Shard1697 the Caller (Draconian Hedge Wizard)        Turns: 930, Time: 00:01:11

Health: 0/26       AC:  5    Str: 12    XL:     3   Next: 42%
Magic:  7/7        EV: 12    Int: 16    God:
Gold:   111        SH:  0    Dex: 10    Spells: 5/8 levels left

rFire   . . .        m - +0 quarterstaff
rCold   . . .        (shield currently unavailable)
rNeg    . . .        (body armour unavailable)
rPois   .            b - +0 hat
rElec   .            (no cloak)
rCorr   +            (no gloves)
SInv    .            (no boots)
Will    .....        (no amulet)
Stlth   ++           n - ring of resist corrosion
HPRegen 0.24/turn    (no ring)
MPRegen 0.10/turn

%: no passive effects
@: mighty, hasted, very quick
A: AC +5, unfitting armour, cold-blooded
a: no special abilities


You were on level 2 of the Dungeon.
You visited 1 branch of the dungeon, and saw 2 of its levels.

You collected 111 gold pieces.

Inventory:

Hand Weapons
 a - a +0 dagger
 i - a +0 short sword
 m - a +0 quarterstaff (weapon)
Armour
 b - a +0 hat (worn)
Jewellery
 n - a ring of resist corrosion (left hand)
Scrolls
 f - a scroll of teleportation {unknown}
 g - 2 scrolls of immolation {unknown}
 j - a scroll of fog {unknown}
 k - a scroll of torment {unknown}
 o - a scroll of revelation {unknown}
 p - a scroll of acquirement {unknown}
Potions
 c - a potion of magic
 d - a potion of lignification {unknown}
 e - a potion of heal wounds {unknown}
 h - a potion of haste
 l - a potion of might
 q - a potion of resistance {unknown}


   Skills:
 - Level 1.7 Dodging
 - Level 1.7 Stealth
 - Level 3.0 Spellcasting
 - Level 1.0 Conjurations
 + Level 3.4 Summonings
 - Level 1.0 Translocations


You had 5 spell levels left.
You knew the following spells:

 Your Spells              Type           Power      Damage    Failure   Level
a - Magic Dart            Conj           20%        1d4       12%         1
b - Call Imp              Summ           26%        N/A       7%          2

Your spell library contained the following spells:

 Spells                   Type           Power      Damage    Failure   Level
 Slow                     Hex            8%         N/A       19%         1
 Blink                    Tloc           10%        N/A       19%         2
 Cigotuvi's Dreadful Rot  Necr/Pois/Air  4%         N/A       28%         2
 Mephitic Cloud           Conj/Pois/Air  3%         N/A       43%         3


Dungeon Overview and Level Annotations

Branches:
Dungeon (2/15)

Altars:


Innate Abilities, Weirdness & Mutations

Your plain brown scales are hard. (AC +5)
You cannot fit into any form of body armour.
You are cold-blooded and may be slowed by cold attacks.


Message History

Pain shoots through your body!
Ouch! That really hurt!
You are too injured to fight recklessly!
You barely miss Jessica.
Your tail-slap misses Jessica.
Jessica is heavily wounded.
Jessica barely misses you. The quokka closely misses you.
Jessica completely misses you.
You barely miss Jessica.
Your tail-slap misses Jessica.
Jessica is heavily wounded.
Jessica grins evilly.
Jessica barely misses you. The quokka barely misses you.
Jessica barely misses you.
The quokka bites you but does no damage.
You hit Jessica.
Jessica is severely wounded.
Jessica hits you with a +0 club.
* * * LOW HITPOINT WARNING * * *
The quokka bites you but does no damage.
Jessica points at you and mumbles some strange words.
Pain shoots through your body!
* * * LOW HITPOINT WARNING * * *
Okay, then.
It was a potion of haste.
You feel yourself speed up. Jessica misses you. The quokka barely misses you.
It was a potion of might.
You feel very mighty all of a sudden. Jessica hits you with a +0 club.
* * * LOW HITPOINT WARNING * * *
The quokka bites you but does no damage.
Jessica barely misses you.
You sock Jessica!
You kill Jessica!
The quokka bites you but does no damage.
Your Summonings skill increases to level 3!
You have reached level 3!
Your experience leads to an increase in your attributes!
Increase (S)trength, (I)ntelligence, or (D)exterity?
You feel clever. x2; Your scales feel tougher.
You barely miss the quokka. The quokka bites you.
You die...

#### #.. .# ##r## ##.##
#)@.## ####...###
#.###.###........ .. ..
#...#......# #.
###.###.#.>.....###.#
#..........†....##
###.######.###.......#.#.##
#.... ...............#....#
#.#.# ###..#####...........
#... ........###.##.####.#


You could see a quokka.

Vanquished Creatures
  Jessica (D:2)
  A dart slug (D:1)
  2 bats (D:1)
  An endoplasm (D:2)
  2 giant cockroaches
  2 goblins
  A hobgoblin (D:1)
  A quokka (D:2)
  2 ball pythons (D:2)
  A kobold (D:1)
  2 rats
16 creatures vanquished.

Notes
Turn   | Place    | Note
-------+----------+-------------------------------------------
     0 | D:1      | Shard1697 the Draconian Hedge Wizard began the quest for
                  | the Orb.
     0 | D:1      | Reached XP level 1. HP: 14/14 MP: 4/4
   144 | D:1      | Found a faded altar of an unknown god.
   199 | D:1      | Reached XP level 2. HP: 19/20 MP: 0/6
   829 | D:2      | Learned a level 2 spell: Call Imp
   920 | D:2      | Noticed Jessica
   929 | D:2      | Killed Jessica
   930 | D:2      | Reached XP level 3. HP: 3/26 MP: 7/7
   930 | D:2      | Slain by a quokka

Illustrated notes

Levels and vault maps discovered:
D:1:      beargit_arrival_greenhouse, layout_loops_ring,
          shapermc_ecumenical_altar_mp_ritualfount
D:2:      layout_loops_ring, uniq_jessica, uniq_crazy_yiuf_cottage

Skill      XL: |  1  2 |
---------------+-------+-----
Summonings     | 2 3 |  3.4
Dodging        | |  1.7
Stealth        | |  1.7
Spellcasting   | |  3.0
Conjurations   | |  1.0
Translocations | |  1.0

Action                     || total
---------------------------++-------
  Melee: Dagger            ||    14
         Short sword       ||    10
         Punch             ||     1
         Quarterstaff      ||    23
         Tailslap          ||     2
   Cast: Magic Dart        ||     3
    Use: Potion            ||     2
 Armour: Skin              ||    13
  Dodge: Dodged            ||    33

Table legend: (Time is in decaauts)
 A = Elapsed time spent in this place.
 B = Non-inter-level travel time spent in this place.
 C = Inter-level travel time spent in this place.
 D = Time resting spent in this place.
 E = Time spent auto-exploring this place.
 F = Levels seen in this place.
 G = Mean time per level.
                   A        B        C        D        E       F      G
               +--------+--------+--------+--------+--------+-----+--------+
         Total |    934 |    911 |     23 |     12 |    732 |   2 |  467.0 |
       Dungeon |    934 |    911 |     23 |     12 |    732 |   2 |  467.0 |
               +--------+--------+--------+--------+--------+-----+--------+

Top non-repeatable levels by time:
     D:1: 659 daAuts
     D:2: 275 daAuts
